 Dungeon Crawl Stone Soup version 0.24.0-35-gdb84b6a5db (webtiles) character file.

Game seed: 10570157242938936420, levelgen mode: deterministic

94 Nattfarinn the Ruffian (level 4, 0/67 HPs)
             Began as an Ogre Transmuter on Nov 20, 2019.
             Slain by a gnoll
             ... wielding a +1 halberd of venom
              (3 damage)
             ... on level 4 of the Dungeon.
             The game lasted 00:04:24 (2825 turns).

Nattfarinn the Ruffian (Ogre Transmuter)            Turns: 2825, Time: 00:04:25

Health: 0/67       AC: 22    Str: 14    XL:     4   Next: 63%
Magic:  7/7        EV:  1    Int: 14    God:
Gold:   121        SH:  3    Dex: 10    Spells: 3/7 levels left

rFire    + . .     SeeInvis .   c - +2 dagger (venom)
rCold    x . .     Gourm    .   (no shield)
rNeg     + + +     Faith    .   (armour currently unavailable)
rPois    +         Spirit   .   (helmet currently unavailable)
rElec    .         Reflect  +   (cloak currently unavailable)
rCorr    .         Harm     .   (gloves unavailable)
MR       .....     NoTele   +   (boots unavailable)
Stlth    +.........             s - +3 amulet of reflection
HPRegen  0.21/turn              r - ring of fire
MPRegen  0.10/turn              f - ring of flight

@: lethally poisoned (0 -> -14), tree-form
A: large, unfitting armour
a: no special abilities


You were on level 4 of the Dungeon.
You were very hungry.
You were a tree.
You visited 1 branch of the dungeon, and saw 4 of its levels.

You collected 121 gold pieces.

Inventory:

Hand Weapons
 c - a +2 dagger of venom (weapon)
Missiles
 a - 24 arrows
Armour
 b - a +1 robe (melded)
Jewellery
 f - a ring of flight (right branch)
 r - a ring of fire (left branch)
 s - a +3 amulet of reflection (around neck)
Scrolls
 h - 2 scrolls of enchant armour
 k - a scroll of amnesia
 l - a scroll of teleportation
 p - 2 scrolls of magic mapping
 v - 2 scrolls of remove curse
Potions
 i - 2 potions of brilliance {unknown}
 j - a potion of heal wounds {unknown}
 n - a potion of cancellation {unknown}
 o - a potion of degeneration {unknown}
 q - a potion of ambrosia {unknown}
 t - a potion of lignification
 w - a potion of flight {unknown}
Comestibles
 d - 7 rations


   Skills:
 + Level 3.1 Fighting
 - Level 1.7 Dodging
 + Level 3.3 Unarmed Combat
 - Level 2.4 Spellcasting
 * Level 3.2 Transmutations


You had 3 spell levels left.
You knew the following spells:

 Your Spells              Type           Power        Failure   Level  Hunger
a - Beastly Appendage     Tmut           ##....       6%          1    #......
b - Spider Form           Tmut/Pois      #.........   34%         3    ###....

Your spell library contained the following spells:

 Spells                   Type           Power        Failure   Level  Hunger
 Sticks to Snakes         Tmut           ##......     9%          2    ###....
 Ice Form                 Ice/Tmut       #.......     75%         4    #####..
 Blade Hands              Tmut           ##........   86%         5    ######.


Dungeon Overview and Level Annotations

Branches:
Dungeon (4/15)
 Temple: D:4-7

Altars:
Makhleb


Innate Abilities, Weirdness & Mutations

You are too large for most types of armour.
((You have tough skin. (AC +1)))


Message History

No target in view!
The gnoll shouts! x2; The ogre shouts!
The gnoll hits you from afar with a +0 halberd!
The gnoll hits you from afar with a +1 halberd of venom!
You are poisoned.
You block the gnoll's attack.
Things that are here:
a +0 leather armour; a cursed -2 hand axe You barely miss the gnoll.
You feel sick.
The gnoll hits you from afar with a +1 halberd of venom!
* * * LOW HITPOINT WARNING * * *
The gnoll barely misses you.
The gnoll shouts!
Unknown command.
It was a potion of lignification.
You turn into a tree.
Your +1 robe melds into your body.
Your roots penetrate the ground.
* * * LOW HITPOINT WARNING * * *
You feel sick.
The gnoll hits you from afar with a +1 halberd of venom.
You die...

## ### ###
.# #.. ...
.##.# #.#
.#.## #.#
g.. #.#
#g# #.#
#♣####(#
#<.....###
####.....#
#.....###
#......<#
#.....#.#
#.....#.#
#######.#
#.#


You could see 2 gnolls.

Vanquished Creatures
  A gnoll (D:3)
  2 adders (D:2)
  An ooze (D:1)
  A worm (D:3)
  A dart slug (D:3)
  An orc (D:4)
  8 bats
  4 giant cockroaches (D:1)
  6 goblins (D:1)
  5 hobgoblins
  4 jackals
  10 kobolds
  3 frilled lizards
  8 rats
55 creatures vanquished.

Notes
Turn   | Place    | Note
-------+----------+-------------------------------------------
     0 | D:1      | Nattfarinn the Ogre Transmuter began the quest for the Orb.
     0 | D:1      | Reached XP level 1. HP: 19/19 MP: 3/3
   291 | D:1      | Reached XP level 2. HP: 28/28 MP: 5/5
   656 | D:1      | Reached XP level 3. HP: 30/35 MP: 6/6
  1091 | D:2      | Reached XP level 4. HP: 26/44 MP: 7/7
  1511 | D:2      | Learned a level 3 spell: Spider Form
  2371 | D:3      | Found a burning altar of Makhleb.
  2433 | D:4      | Noticed an ogre
  2825 | D:4      | HP: 3/67 [poisoned by a gnoll]
  2825 | D:4      | Slain by a gnoll

Levels and vault maps discovered:
D:1:      psy_arrival_whirlpool, layout_rooms, minmay_tetromino_i4
D:2:      layout_basic, chequers_decorated_corner, nicolae_underground_beach
D:3:      layout_loops_ring, bloody_makhleb, first_ration
D:4:      layout_loops_cross, minmay_temple_entry_poolview,
          cheibrodos_gnoll_hut, uniq_sigmund

Skill      XL: |  1  2  3  4 |
---------------+-------------+-----
Transmutations | 2 3 |  3.2
Fighting       | 2 3 |  3.1
Unarmed Combat | 3 |  3.3
Dodging        | |  1.7
Spellcasting   | |  2.4

Action                   |  1- 3 |  4- 6 || total
-------------------------+-------+-------++-------
Melee: Dagger            |    94 |    58 ||   152
       Unarmed           |     4 |       ||     4
       Kick              |     2 |       ||     2
 Cast: Beastly Appendage |     1 |       ||     1
  Use: Scroll            |       |     9 ||     9
       Potion            |       |     1 ||     1
  Eat: Chunk             |     1 |     4 ||     5
Armor: Robe              |    35 |    16 ||    51
Dodge: Dodged            |    59 |    27 ||    86
Block: Other             |       |     3 ||     3
